 Dungeon Crawl Stone Soup version 0.27.0-1-g7a089689b8 (webtiles) character file.

Game seed: 11900972142134615241

7 zarnack the Skirmisher (level 2, -1/19 HPs)
             Began as a Gargoyle Fighter on Aug 10, 2021.
             Slain by Jessica (6 damage)
             ... on level 2 of the Dungeon.
             The game lasted 00:06:41 (341 turns).

zarnack the Skirmisher (Gargoyle Fighter)            Turns: 341, Time: 00:06:45

Health: -1/19      AC: 12    Str: 19    XL:     2   Next: 4%
Magic:  2/2        EV:  5    Int:  8    God:
Gold:   21         SH:  9    Dex:  9    Spells: 1/1 levels left

rFire    . . .     SeeInvis .   a - +0 rapier
rCold    . . .     Faith    .   c - +0 kite shield
rNeg     + . .     Spirit   .   h - +0 chain mail
rPois    ∞         Reflect  .   (no helmet)
rElec    +         Harm     .   (no cloak)
rCorr    .         Rampage  .   (no gloves)
Will     .....                  (no boots)
Stlth    ..........             (no amulet)
HPRegen  0.06/turn              (no ring)
MPRegen  0.08/turn              (no ring)

@: no status effects
A: sickness immunity, AC +2, negative energy resistance 1, electricity
resistance, torment resistance 1, petrification resistance
a: no special abilities


You were on level 2 of the Dungeon.
You visited 1 branch of the dungeon, and saw 2 of its levels.

You collected 21 gold pieces.

Inventory:

Hand Weapons
 a - a +0 rapier (weapon)
Armour
 c - a +0 kite shield (worn)
 h - a +0 chain mail (worn)
Potions
 d - a potion of might
 e - a potion of heal wounds {unknown}
 f - a potion of curing {unknown}
 g - a potion of degeneration {unknown}


   Skills:
 + Level 3.5 Fighting
 + Level 1.8 Short Blades
 + Level 3.4 Armour
 + Level 3.4 Shields


You had one spell level left.
You didn't know any spells.
Your spell library was empty.

Dungeon Overview and Level Annotations

Branches:
Dungeon (2/15)

Altars:

Annotations:
D:2 Jessica


Innate Abilities, Weirdness & Mutations

You are immune to sickness and miasma.
Your stone body is resilient. (AC +2)
You are immune to poison.
You resist negative energy. (rN+)
You are resistant to electric shocks. (rElec)
You are resistant to unholy torment.
You are immune to petrification.


Message History

Sorry, you're not good enough to have a special ability.
You drop a +0 scale mail.
Sorry, you're not good enough to have a special ability.
Sorry, I don't know how to get there.
You see here a +0 scale mail.
An endoplasm comes into view.
Found a stone staircase leading up.
Found an escape hatch in the floor.
Found a stone staircase leading down.
You puncture the endoplasm!
You kill the endoplasm!
You have reached level 2!
Unknown command.
There is a stone staircase leading down here.
Jessica the Apprentice Sorceress comes into view.
She is wielding a +0 club.
There is a stone staircase leading up here.
Jessica barely misses you.
There is an escape hatch in the floor here.
You hit Jessica.
Jessica is lightly wounded.
Jessica hits you but does no damage.
You hit Jessica.
Jessica is moderately wounded.
Jessica barely misses you.
You closely miss Jessica.
Jessica is moderately wounded.
Jessica hits you with a +0 club. x2
You hit Jessica but do no damage.
Jessica is lightly wounded.
Jessica hits you with a +0 club.
You hit Jessica but do no damage.
Jessica is lightly wounded.
Jessica barely misses you.
Your shield prevents you from hitting Jessica.
Jessica is lightly wounded.
Jessica casts a spell at you. Pain shoots through your body!
* * * LOW HITPOINT WARNING * * *
Jessica hits you with a +0 club.
You die...

#########
#........
#.### #...#
#####...#
##....#..#
##..<.>#..#
#..@####..####
#..@#........#
#...#.######.#
#...#.#.##...#
#...###.##.###
#...#...##...#
#...#.######.#
#...#.[......#
...####..####


You could see Jessica.

Vanquished Creatures
  A dart slug (D:1)
  An endoplasm (D:2)
  A goblin (D:1)
  A hobgoblin (D:2)
  A rat (D:1)
5 creatures vanquished.

Notes
Turn   | Place    | Note
-------+----------+-------------------------------------------
     0 | D:1      | zarnack the Gargoyle Fighter began the quest for the Orb.
     0 | D:1      | Reached XP level 1. HP: 14/14 MP: 1/1
   249 | D:2      | BRUH
   325 | D:2      | Reached XP level 2. HP: 19/19 MP: 2/2
   334 | D:2      | Noticed Jessica
   341 | D:2      | Slain by Jessica

Illustrated notes

# .# ###. #..
# .
#.######.# ..
#@.......#
...####..####
......#..#
#.....#..#
#.......#
######..#
#..## #.##
#######.#


Turn 249 on D:2: BRUH

Levels and vault maps discovered:
D:1:      erik_arrival_triangle_medium, layout_basic,
          dreamdust_ecumenical_altar_grove, minmay_misc_feat_plants
D:2:      layout_rooms, bh_walls_and_bars, uniq_jessica, uniq_robin

Action                   || total
-------------------------++-------
Melee: Rapier            ||    19
Armor: Scale mail        ||     6
       Chain mail        ||     1
Dodge: Dodged            ||     6
Block: Kite shield       ||     4
